 Dungeon Crawl Stone Soup version 0.28-a0-622-gbaef9634d7 (webtiles) character file.

Game seed: 15687906193848735070

348782 sleeves the Tortoise (level 21, -21/168 HPs)
             Began as a Demonspawn Fighter on Oct 7, 2021.
             Was the Champion of Okawaru.
             Demolished by Mennas (22 damage)
             ... on level 4 of the Vaults.
             The game lasted 01:31:08 (47423 turns).

sleeves the Tortoise (Demonspawn Fighter)          Turns: 47423, Time: 01:31:09

Health: -21/168    AC: 37    Str: 25    XL:     21   Next: 24%
Magic:  0/32       EV: 20    Int: 12    God:    Okawaru [******]
Gold:   3960       SH: 17    Dex: 15    Spells: 20/20 levels left

rFire   + . .      SeeInvis +   a - +8 double sword (vamp)
rCold   . . .      Faith    .   q - +2 kite shield {reflect} {Donald}
rNeg    . . .      Spirit   +   c - +7 chain mail "Dyeroupnu" {Rampage Regen+ Int+3 SInv}
rPois   .          Reflect  +   Z - +2 helmet
rElec   .          Harm     .   (cloak unavailable)
rCorr   +          Rampage  +   R - +2 pair of gloves {Stlth+}
Will    +....                   i - +2 pair of boots {rampage} {god gift}
Stlth   ..........              x - amulet of regeneration
HPRegen 2.38/turn               s - +4 ring of evasion
MPRegen 0.46/turn               z - ring of protection from fire

@: mighty, on berserk cooldown, slowed, glowing, studying 2 skills, very slow
A: yellow scales 3, spiny 3, magic shield, magic regeneration, corrupting
presence 1, weakness stinger 3, sense surroundings 1, wild magic 1
}: 2/15 runes: serpentine, barnacled
a: Renounce Religion, Heroism, Finesse, Duel


You were on level 4 of the Vaults.
You worshipped Okawaru.
Okawaru was exalted by your worship.
You visited 7 branches of the dungeon, and saw 36 of its levels.
You visited 1 bazaar.
You also visited: Volcano and Wizlab.

You collected 5864 gold pieces.
You spent 1904 gold pieces at shops.

Inventory:

Hand Weapons
 a - a +8 vampiric double sword (weapon)
   (You acquired it on level 14 of the Dungeon)
 b - the +5 short sword of Jaupoar {elec, Int+3}
   (You found it on level 6 of the Lair of Beasts)

   It occasionally discharges a powerful burst of electricity upon striking a
   foe.
   Int:       It affects your intelligence (+3).
 M - the +8 autumn katana {god gift, vorpal, Clar}
   (Okawaru gifted it to you on level 2 of the Snake Pit)

   It inflicts extra damage upon your enemies.
   Clar:      It protects you against confusion.
Missiles
 m - 3 throwing nets (quivered)
Armour
 c - the +7 chain mail "Dyeroupnu" (worn) {Rampage Regen+ Int+3 SInv}
   (You bought it in a shop on level 4 of the Vaults)

   Int:       It affects your intelligence (+3).
   SInv:      It lets you see invisible.
   Regen:     It increases your rate of health regeneration.
   Rampage:   It bestows one free step when moving towards enemies.
 i - a +2 pair of boots of rampaging (worn) {god gift}
   (Okawaru gifted it to you in a wizard's laboratory)
 q - a +2 kite shield of reflection (worn) {Donald}
   (You took it off Donald on level 1 of the Snake Pit)
 Q - the +8 plate armour of the Dungeon {+Inv Fly}
   (You bought it in a shop on level 2 of the Orcish Mines)

   +Inv:      It lets you turn invisible.
   Fly:       It grants you flight.
 R - a +2 pair of gloves of stealth (worn)
   (You found it in a wizard's laboratory)
 U - a +0 tower shield of fire resistance
   (You found it in a volcano)
 Z - a +2 helmet (worn)
   (You found it on level 4 of the Lair of Beasts)
Jewellery
 s - a +4 ring of evasion (left hand)
   (You found it on level 5 of the Dungeon)
 x - an amulet of regeneration (around neck)
   (You found it on level 6 of the Lair of Beasts)
 z - a ring of protection from fire (right hand)
   (You found it on level 6 of the Dungeon)
 F - a ring of fire
   (You found it on level 8 of the Dungeon)
 I - a ring of ice
   (You found it on level 10 of the Dungeon)
 T - a ring of positive energy
   (You found it on level 3 of the Lair of Beasts)
 V - a ring of willpower
   (You found it on level 6 of the Lair of Beasts)
Wands
 t - a wand of acid (10)
   (You took it off an ironbound convoker on level 1 of the Vaults)
 B - a wand of iceblast (43)
   (You found it on level 7 of the Dungeon)
 D - a wand of digging (6)
   (You found it on level 7 of the Dungeon)
Scrolls
 e - 8 scrolls of amnesia
 h - 2 scrolls of fear
 j - 6 scrolls of immolation
 l - 11 scrolls of teleportation
 n - 5 scrolls of enchant armour
 p - 11 scrolls of magic mapping
 y - 6 scrolls of blinking
 G - 4 scrolls of fog
 J - 2 scrolls of brand weapon
 L - 3 scrolls of torment
 O - 4 scrolls of vulnerability
 S - 3 scrolls of silence
 W - 10 scrolls of identify
 X - a scroll of holy word
Potions
 d - 7 potions of might
 g - 2 potions of berserk rage
 k - 12 potions of curing
 o - 4 potions of brilliance
 v - 7 potions of flight
 A - 7 potions of heal wounds
 C - 9 potions of haste
 E - 4 potions of invisibility
 H - 3 potions of mutation
 Y - 2 potions of magic


   Skills:
 - Level 15.0 Fighting
 - Level 16.0 Long Blades
 + Level 18.1 Armour
 - Level 15.0 Dodging
 + Level 18.1 Shields
 - Level 15.0 Invocations


You had 20 spell levels left.
You didn't know any spells.
Your spell library contained the following spells:

 Spells                   Type           Power      Damage    Failure   Level
 Apportation              Tloc           0%         N/A       82%         1
 Foxfire                  Conj/Fire      0%         2x1d4     82%         1
 Freeze                   Ice            0%         1d3       82%         1
 Sandblast                Erth           0%         2d4       82%         1
 Shock                    Conj/Air       0%         1d3       82%         1
 Sting                    Tmut/Pois      0%         1d3       82%         1
 Ensorcelled Hibernation  Hex/Ice        0%         N/A       90%         2
 Passwall                 Tmut/Erth      0%         N/A       90%         2
 Poisonous Vapours        Pois/Air       0%         N/A       90%         2
 Slow                     Hex            0%         N/A       90%         2
 Static Discharge         Conj/Air       0%         N/A       90%         2
 Confusing Touch          Hex            0%         N/A       99%         3
 Conjure Flame            Conj/Fire      0%         6-21      99%         3
 Frozen Ramparts          Ice            0%         1d2       99%         3
 Inner Flame              Hex/Fire       0%         N/A       99%         3
 Stone Arrow              Conj/Erth      0%         3d7       99%         3
 Swiftness                Air            0%         N/A       99%         3
 Vampiric Draining        Necr           0%         2d6       99%         3
 Airstrike                Air            0%         N/A       100%        4
 Dispel Undead            Necr           0%         3d6       100%        4
 Flame Wave               Conj/Fire      0%         3d3       100%        4
 Fulminant Prism          Conj/Hex       0%         3d6       100%        4
 Hailstorm                Conj/Ice       0%         3d3       100%        4
 Ice Form                 Ice/Tmut       0%         N/A       100%        4
 Iskenderun's Mystic Bla  Conj/Tloc      0%         2d3       100%        4
 Leda's Liquefaction      Hex/Erth       0%         N/A       100%        4
 Olgreb's Toxic Radiance  Pois           0%         N/A       100%        4
 Petrify                  Tmut/Erth      0%         N/A       100%        4
 Sticky Flame             Conj/Fire      0%         2d3       100%        4
 Borgnjor's Vile Clutch   Necr/Erth      0%         N/A       100%        5
 Fireball                 Conj/Fire      0%         3d3       100%        5
 Lee's Rapid Deconstruct  Erth           0%         3d5*      100%        5
 Lightning Bolt           Conj/Air       0%         1d11      100%        5
 Yara's Violent Unravell  Hex/Tmut       0%         3d3       100%        5
 Eringya's Noxious Bog    Tmut/Pois      0%         N/A       100%        6
 Starburst                Conj/Fire      0%         6d3       100%        6
 Statue Form              Tmut/Erth      0%         N/A       100%        6
 Storm Form               Tmut/Air       0%         N/A       100%        7
 Borgnjor's Revivificati  Necr           0%         N/A       100%        8
 Ignition                 Fire           0%         3d3       100%        8
 Maxwell's Capacitive Co  Air            0%         ∞         100%        8
 Shatter                  Erth           0%         3d5*      100%        9
 Animate Skeleton         Necr           Unusable   N/A       N/A         1
 Summon Small Mammal      Summ           Unusable   N/A       N/A         1
 Call Imp                 Summ           Unusable   N/A       N/A         2
 Tukima's Dance           Hex            Unusable   N/A       N/A         3
 Animate Dead             Necr           Unusable   N/A       N/A         4
 Summon Lightning Spire   Summ/Air       Unusable   N/A       N/A         4
 Death Channel            Necr           Unusable   N/A       N/A         6
 Simulacrum               Ice/Necr       Unusable   N/A       N/A         6

Dungeon Overview and Level Annotations

Branches:
Dungeon (15/15)            Temple (1/1) D:5            Lair (6/6) D:10
 Shoals (4/4) Lair:4        Snake (4/4) Lair:4        Slime (0/5) Lair:6
    Orc (2/2) D:9             Elf (0/3) Orc:2        Vaults (4/5) D:13
  Crypt (0/3) Vaults:3     Depths (0/4) D:15        Volcano (visited)
 WizLab (visited)

Altars:
Ashenzari
Cheibriados
Dithmenos
Elyvilon
Fedhas
Gozag
Hepliaklqana
Kikubaaqudgha
Makhleb
Nemelex Xobeh
Okawaru
Qazlal
Ru
Sif Muna
Trog
Uskayaw
Vehumet
Wu Jian
Xom
Yredelemnul
Zin
The Shining One
Beogh

Shops:
D:8 (   D:10 *   D:12 ([([   Orc:2 [=*   Snake:4 :=(=   Vaults:1 =   Vaults:3 *
Vaults:4 *=[

Portals:
Abyss: D:11
Trove: D:13 (give 15 scrolls of teleportation)

Annotations:
D:11 2 transporters, jasper's ghost, journeyman DsVM
Vaults:4 Mennas


Innate Abilities, Weirdness & Mutations

You are completely covered in yellow scales. (AC +4, rCorr)
You are completely covered in sharp spines.
When hurt, damage is shared between your health and your magic reserves.
You regenerate magic rapidly.
Your presence sometimes corrodes those you injure.
You have a sharp stinger which inflicts weakening toxins.
You passively map a small area around you.
Your spells are a little harder to cast, but a little more powerful.


Message History

Your tail-slap misses the purple very ugly thing.
The purple very ugly thing is severely wounded.
You block the purple very ugly thing's attack.
You slice the purple very ugly thing!!
The purple very ugly thing is almost dead.
You feel sick.
The vault sentinel blows a loud note on a signal horn!
You slash the purple very ugly thing!
You kill the purple very ugly thing!
Okawaru accepts your kill.
You feel sick.
You are no longer poisoned.
You completely miss the green very ugly thing.
The green very ugly thing is lightly wounded.
The green very ugly thing engulfs you but does no damage.
You hit the green very ugly thing.
You feel better.
You tail-slap the green very ugly thing!
The green very ugly thing looks weaker.
The green very ugly thing is lightly wounded.
You block the green very ugly thing's attack.
You slice the green very ugly thing!!
Your tail-slap misses the green very ugly thing.
The green very ugly thing is moderately wounded.
You slash the green very ugly thing!
The green very ugly thing is heavily wounded.
You block the green very ugly thing's attack.
You slice the green very ugly thing!!
Your corrupting presence corrodes the green very ugly thing!
The green very ugly thing is severely wounded.
The green very ugly thing engulfs you but does no damage.
You slash the green very ugly thing!
The green very ugly thing seems to be corroded for longer.
You tail-slap the green very ugly thing!
The green very ugly thing is almost dead.
The vault sentinel blows a loud note on a signal horn!
You barely miss the green very ugly thing.
The green very ugly thing is almost dead.
The green very ugly thing engulfs you but does no damage.
You chop the green very ugly thing into pieces!!!
You kill the green very ugly thing!
Okawaru accepts your kill.
The vault sentinel blows a loud note on a signal horn!
You slice the yaktaur!!
You feel better.
Your tail-slap misses the yaktaur.
The yaktaur is heavily wounded.
You barely miss the yaktaur captain. You tail-slap the yaktaur captain!
The yaktaur captain looks weaker.
The yaktaur captain is lightly wounded.
You barely miss the yaktaur captain. You tail-slap the yaktaur captain.
The yaktaur captain is lightly wounded.
You slice the yaktaur captain!!
You tail-slap the yaktaur captain, but do no damage.
The yaktaur captain is severely wounded.
The yaktaur captain is struck by your spines.
Your corrupting presence corrodes the yaktaur captain!
The yaktaur captain hits you.
You slash the yaktaur captain!
You feel better.
You kill the yaktaur captain!
Okawaru accepts your kill.
You closely miss the vault sentinel.
Your tail-slap misses the vault sentinel.
You carve the vault sentinel like a ham!!!
You tail-slap the vault sentinel.
The vault sentinel looks weaker.
The vault sentinel is almost dead.
The vault sentinel blows a loud note on a signal horn!
You hit the vault sentinel but do no damage.
The vault sentinel is almost dead.
The vault sentinel drinks a potion.
The vault sentinel is healed!
You closely miss the vault sentinel.
The vault sentinel is severely wounded.
You hit the vault sentinel.
The vault sentinel is almost dead.
The yaktaur is struck by your spines.
Your corrupting presence corrodes the yaktaur!
The yaktaur barely misses you.
The vault sentinel gestures at you while chanting.
You barely resist. You slash the vault sentinel!
You kill the vault sentinel!
Okawaru accepts your kill. You block the yaktaur's attack.
You slice the yaktaur!!
You feel better.
You kill the yaktaur!
Okawaru accepts your kill.
You slice the ironbound thunderhulk!!
The ironbound thunderhulk is moderately wounded.
You block the ironbound thunderhulk's attack.
You slash the ironbound thunderhulk!
Your tail-slap misses the ironbound thunderhulk.
The ironbound thunderhulk is heavily wounded.
You hit the ironbound thunderhulk.
You tail-slap the ironbound thunderhulk.
The ironbound thunderhulk looks weaker.
The ironbound thunderhulk is heavily wounded.
The ironbound thunderhulk is struck by your spines.
The ironbound thunderhulk hits you but does no damage.
You hit the ironbound thunderhulk but do no damage.
The ironbound thunderhulk is severely wounded.
You block the ironbound thunderhulk's attack.
You barely miss the ironbound thunderhulk.
You tail-slap the ironbound thunderhulk, but do no damage.
The ironbound thunderhulk is severely wounded.
You slice the ironbound thunderhulk!!
The ironbound thunderhulk is almost dead.
The ironbound thunderhulk hits you but does no damage.
You slash the ironbound thunderhulk!
You kill the ironbound thunderhulk!
Okawaru accepts your kill.
No target in view!
HP restored.
Items here: ( ))))) [[[[ †††††.
Things that are here:
a +0 ring mail; a +0 great sword; a tengu corpse
Items here: )) [[.
Things that are here:
a +0 ring mail; a +0 great sword; a tengu corpse
Items here: ( ))))) [[[[ †††††.
You see here the +0 chain mail of Riaziasu {god gift, Int+3 Dex+3}.
Things that are here:
a +2 vorpal arbalest; 24 bolts; a yaktaur corpse
Items here: )) [[.
Things that are here:
a +0 scale mail; a +0 great mace
There is an open door here.
Found Saxol's Assorted Antiques.
There is an entrance to Saxol's Assorted Antiques here.
l - 11 scrolls of teleportation (gained 1) Thank you for shopping at Saxol's Assorted Antiques!
You can access your shopping list by pressing '$'.
Okay, then.
You now have 4616 gold pieces (gained 39).
There is an open door here.
You now have 4656 gold pieces (gained 40).
There is an open door here.
You reach down and open the large door.
Found a chain mail.
There is a large open door here.
There is an open door here.
The sentinel's mark upon you fades away.
You reach down and open the door.
You reach down and open the door.
Found a ring of ice.
There is an open door here.
H - 3 potions of mutation (gained 1)
There is an open door here.
As you open the door, it creaks loudly!
You see here a ring of ice.
There is an open door here.
You reach down and open the door.
There is an open door here.
You reach down and open the door.
A deep troll and an ironbound preserver come into view.
The ironbound preserver shouts!
You hear a shout!
The ironbound preserver gestures wildly while chanting.
The ironbound preserver begins to accept its allies' injuries.
A deep troll comes into view. x2
The deep troll moves out of view.
There are monsters nearby!
Found 32 gold pieces.
The deep troll shouts!
You hear a shout! x2
A yaktaur comes into view.
There is an open door here.
You rampage towards the deep troll!
You slice the ironbound preserver!!
You tail-slap the ironbound preserver, but do no damage.
The ironbound preserver is lightly wounded.
A vault warden comes into view.
It is wielding a +6 great sword of holy wrath.
The deep troll bites you but does no damage.
The deep troll closely misses you. x2
The ironbound preserver is struck by your spines.
The ironbound preserver hits you but does no damage.
The vault warden shouts!
You slash the ironbound preserver! You tail-slap the ironbound preserver.
The ironbound preserver looks weaker.
The ironbound preserver is heavily wounded.
The vault warden activates a sealing rune.
A door slams shut!
You block the deep troll's attack.
The deep troll claws you but does no damage.
You block the deep troll's attack.
You slash the ironbound preserver!
The ironbound preserver is heavily wounded.
You block the ironbound preserver's attack.
A yaktaur comes into view.
The deep troll is struck by your spines.
The deep troll bites you but does no damage.
The deep troll claws you but does no damage. x2
You slash the ironbound preserver!
The ironbound preserver is severely wounded.
You block the deep troll's attack. x2
The deep troll claws you but does no damage.
The ironbound preserver gestures wildly while chanting.
The ironbound preserver is healed somewhat.
The deep troll is struck by your spines.
The deep troll bites you but does no damage.
The deep troll completely misses you.
The deep troll claws you but does no damage.
You slash the ironbound preserver!
The ironbound preserver is almost dead.
You slash the ironbound preserver!
The ironbound preserver is almost dead.
The ironbound preserver gestures wildly while chanting.
The ironbound preserver is healed somewhat.
The deep troll is struck by your spines.
The deep troll completely misses you. You block the deep troll's attack. x2
You barely miss the ironbound preserver.
The ironbound preserver is severely wounded.
The ironbound preserver casts a spell.
The ironbound preserver begins to accept its allies' injuries.
You block the deep troll's attack. x3
You slice the ironbound preserver!!
The ironbound preserver is almost dead.
The vault warden is struck by your spines.
The vault warden hits you with a +6 great sword of holy wrath.
You convulse.
You kill the ironbound preserver!
Okawaru accepts your kill.
Your life force feels restored.
You closely miss the deep troll.
Your tail-slap misses the deep troll.
The deep troll is moderately wounded.
The deep troll misses you. The deep troll claws you.
The deep troll closely misses you. You block the vault warden's attack.
Your plate armour of the Dungeon prevents you from hitting the deep troll.
The deep troll is moderately wounded.
The deep troll barely misses you. The deep troll closely misses you. x2
You block the deep troll's attack. The deep troll claws you.
The deep troll claws you but does no damage.
You slice the vault warden!!
You feel better.
The vault warden is moderately wounded.
You block the vault warden's attack. You block the deep troll's attack. x2
The deep troll closely misses you.
You closely miss the vault warden. You tail-slap the vault warden!
The vault warden looks weaker.
The vault warden is moderately wounded.
You block the deep troll's attack. The deep troll misses you.
You block the deep troll's attack.
The vault warden is struck by your spines.
The vault warden hits you but does no damage.
The deep troll misses you.
The deep troll claws you but does no damage. x2
You hit the vault warden.
You feel better.
The vault warden is heavily wounded.
The deep troll is struck by your spines.
The deep troll bites you.
The deep troll claws you but does no damage.
The deep troll misses you.
The vault warden is struck by your spines.
The vault warden hits you but does no damage.
You slash the vault warden!
The vault warden is heavily wounded.
The runic seals fade away.
The deep troll completely misses you.
You block the deep troll's attack. x2; The deep troll completely misses you.
You block the deep troll's attack.
The deep troll claws you but does no damage.
You slice the vault warden!!
Your corrupting presence corrodes the vault warden!
The vault warden is almost dead.
You block the vault warden's attack. You block the deep troll's attack.
The deep troll claws you but does no damage.
The deep troll closely misses you.
You closely miss the vault warden.
The vault warden is almost dead.
You block the deep troll's attack. x3
The vault warden activates a sealing rune.
You hit the vault warden.
You kill the vault warden!
Okawaru accepts your kill.
The runic seals fade away.
The deep troll bites you. You block the deep troll's attack.
The deep troll completely misses you.
The yaktaur wields a +1 arbalest of flaming.
It bursts into flame!
The yaktaur shoots a bolt.
The bolt hits you.
The deep troll is struck by your spines.
The deep troll misses you. The deep troll closely misses you.
The deep troll claws you.
You closely miss the deep troll.
Your tail-slap misses the deep troll.
The deep troll is moderately wounded.
The deep troll is struck by your spines.
The deep troll barely misses you. You block the deep troll's attack.
The deep troll barely misses you.
You slash the deep troll!
You feel better.
Your tail-slap misses the deep troll.
The deep troll is heavily wounded.
You block the deep troll's attack. x2; The deep troll closely misses you.
You block the yaktaur's attack.
You slice the deep troll!!
Your tail-slap misses the deep troll.
The deep troll is almost dead.
You block the deep troll's attack. x2
The deep troll claws you but does no damage.
The deep troll barely misses you. x2; The deep troll claws you!
You slash the deep troll!
You feel better.
You kill the deep troll!
Okawaru accepts your kill.
The deep troll is struck by your spines.
The deep troll bites you but does no damage.
You block the deep troll's attack. x2
You slash the deep troll!
You feel better.
The deep troll is severely wounded.
The yaktaur is struck by your spines. The yaktaur completely misses you.
The deep troll closely misses you. You block the deep troll's attack. x5
You slash the deep troll!
The deep troll is almost dead.
You slash the deep troll!
You kill the deep troll!
Okawaru accepts your kill. The deep troll completely misses you.
You block the deep troll's attack.
The deep troll claws you but does no damage.
You block the yaktaur's attack.
You slice the yaktaur!!
You tail-slap the yaktaur, but do no damage.
The yaktaur is heavily wounded.
The yaktaur completely misses you.
The deep troll is struck by your spines.
The deep troll bites you but does no damage.
You block the deep troll's attack. x2
You slice the yaktaur!!
You kill the yaktaur!
Okawaru accepts your kill.
The yaktaur unwields a +1 arbalest of flaming.
It stops flaming.
You block the yaktaur's attack. You block the deep troll's attack.
The deep troll barely misses you.
The deep troll claws you but does no damage.
You hit the deep troll but do no damage.
The deep troll is lightly wounded.
You block the yaktaur's attack.
You slice the deep troll!!
The deep troll is severely wounded.
You block the deep troll's attack. The deep troll closely misses you.
The deep troll misses you.
You closely miss the deep troll.
Your tail-slap misses the deep troll.
The deep troll is severely wounded.
You block the yaktaur's attack. The deep troll misses you.
The deep troll closely misses you.
The deep troll claws you but does no damage.
You slash the deep troll! You tail-slap the deep troll!
You kill the deep troll!
Okawaru accepts your kill.
The troll leather armour is intact enough to wear.
The yaktaur is struck by your spines.
The yaktaur hits you but does no damage.
You slice the yaktaur!!
You kill the yaktaur!
Okawaru accepts your kill.
No target in view!
No target in view!
No target in view!
No target in view!
No target in view!
No target in view!
No target in view!
No target in view!
No target in view!
No target in view!
No target in view!
No target in view!
No target in view!
No target in view!
Things that are here:
a +0 arbalest; 15 bolts; a yaktaur corpse
Items here: ) [[ †.
Items here: ( )) [ †.
Things that are here:
a +0 arbalest; 15 bolts; a yaktaur corpse You now have 4688 gold pieces (gained 32).
You reach down and open the door.
You reach down and open the large door.
There is a large open door here.
You reach down and open the door.
There is an open door here.
As you open the door, it creaks loudly!
You set off the alarm!
A sentinel's mark forms upon you.
You hear a roar!
You hear a shout! x4; You hear an angry hiss.
You hear a shout!
You hear an angry hiss.
You hear a shout!
You hear an angry hiss.
You hear a roar!
A crystal guardian comes into view.
A peacekeeper comes into view.
The peacekeeper roars a battlecry!
The crystal guardian goes into a battle-frenzy!
There is an open door here.
There are monsters nearby!
There are monsters nearby!
The crystal guardian fires a crystalline bolt at you.
The crystal bolt misses you.
You slice the crystal guardian!!
The crystal guardian is moderately damaged.
You hit the crystal guardian but do no damage.
The crystal guardian is moderately damaged.
The crystal guardian misses you.
You slice the crystal guardian!!
The crystal guardian is heavily damaged.
The crystal guardian fires a crystalline bolt at you.
The crystal bolt freezes you.
You slice the crystal guardian!!
You destroy the crystal guardian!
Okawaru accepts your kill.
A crystal guardian comes into view.
Your Armour skill increases to level 18!
Your Shields skill increases to level 18!
You slash the crystal guardian!
The crystal guardian is moderately damaged.
The crystal guardian hits you but does no damage.
You slice the crystal guardian!!
You tail-slap the crystal guardian, but do no damage.
The crystal guardian is heavily damaged.
The peacekeeper roars a battlecry!
The crystal guardian goes into a battle-frenzy!
You hit the crystal guardian but do no damage.
You tail-slap the crystal guardian, but do no damage.
The crystal guardian is heavily damaged.
You block the crystal guardian's attack.
You hit the crystal guardian but do no damage.
You tail-slap the crystal guardian, but do no damage.
The crystal guardian is heavily damaged.
You block the crystal guardian's attack.
You hit the crystal guardian but do no damage.
You tail-slap the crystal guardian, but do no damage.
The crystal guardian is heavily damaged.
You slash the crystal guardian!
You tail-slap the crystal guardian, but do no damage.
The crystal guardian is severely damaged.
The crystal guardian is struck by your spines.
The crystal guardian closely misses you.
You hit the crystal guardian.
The crystal guardian is almost destroyed.
The crystal guardian hits you but does no damage.
You slice the crystal guardian!!
You destroy the crystal guardian!
Okawaru accepts your kill.
You slice the peacekeeper!!
Your corrupting presence corrodes the peacekeeper!
The peacekeeper is heavily damaged.
You block the peacekeeper's attack. The peacekeeper completely misses you.
You slash the peacekeeper!
The peacekeeper is severely damaged.
You block the peacekeeper's attack. The peacekeeper closely misses you.
You hit the peacekeeper.
The peacekeeper is severely damaged.
The peacekeeper completely misses you. The peacekeeper closely misses you.
You slash the peacekeeper!
You destroy the peacekeeper!
Okawaru accepts your kill.
A vault sentinel comes into view. It is wielding a +0 falchion.
You closely miss the vault sentinel. You block the vault sentinel's attack.
You slice the vault sentinel!!
The vault sentinel is moderately wounded.
You slash the vault sentinel!
The vault sentinel is severely wounded.
The vault sentinel is struck by your spines.
The vault sentinel closely misses you.
You hit the vault sentinel.
The vault sentinel is almost dead.
The vault sentinel blows a loud note on a signal horn!
You hit the vault sentinel but do no damage.
Your tail-slap misses the vault sentinel.
The vault sentinel is almost dead.
A vault warden comes into view. It is wielding a +0 long sword.
You slash the vault warden! You tail-slap the vault warden.
The vault warden looks weaker.
The vault warden is lightly wounded.
You closely miss the vault warden.
The vault warden is lightly wounded.
You hit the vault warden.
The vault warden is lightly wounded.
The vault warden hits you but does no damage.
An ironbound frostheart comes into view.
You slice the vault warden!!
Your tail-slap misses the vault warden.
The vault warden is heavily wounded.
The vault warden is struck by your spines.
Your corrupting presence corrodes the vault warden!
The vault warden hits you but does no damage.
You barely miss the vault warden.
The vault warden is heavily wounded.
The ironbound frostheart calls freezing cold from the walls.
The frost grips you but does no damage.
You are encased in ice.
There are monsters nearby!
There are monsters nearby!
You barely miss the vault warden.
Your tail-slap misses the vault warden.
The vault warden is heavily wounded.
You block the vault warden's attack.
You closely miss the vault warden.
The vault warden is heavily wounded.
You slice the vault warden!!
You tail-slap the vault warden, but do no damage.
The vault warden is severely wounded.
You slash the vault warden!
The vault warden is almost dead.
The vault warden activates a sealing rune.
A door slams shut!
The ironbound frostheart calls freezing cold from the walls.
The frost grips you!!
You open the vault warden like a pillowcase!!!
You kill the vault warden!
Okawaru accepts your kill.
The runic seal fades away.
You slice the ironbound frostheart!!
You feel better.
You tail-slap the ironbound frostheart.
The ironbound frostheart looks weaker.
The ironbound frostheart is moderately wounded.
The ice encasing you melts away.
A yaktaur comes into view.
You slice the ironbound frostheart!!
You feel better.
The ironbound frostheart is almost dead.
The ironbound frostheart is struck by your spines.
You kill the ironbound frostheart!
Okawaru accepts your kill.
You hit the vault sentinel.
Your tail-slap misses the vault sentinel.
The vault sentinel is almost dead.
You block the vault sentinel's attack.
You closely miss the vault sentinel.
The vault sentinel is almost dead.
You slice the vault sentinel!!
You kill the vault sentinel!
Okawaru accepts your kill.
A yaktaur comes into view.
You slice the yaktaur!!
The yaktaur is severely wounded.
The yaktaur hits you but does no damage.
You slice the yaktaur!!
You kill the yaktaur!
Okawaru accepts your kill.
The yaktaur wields a +0 arbalest.
The yaktaur shoots a bolt.
You reflect the bolt off your +2 kite shield of reflection {Donald}!
The bolt hits the yaktaur!!
A yaktaur comes into view.
You carve the yaktaur like a ham!!!
You tail-slap the yaktaur, but do no damage.
The yaktaur is almost dead.
You hit the yaktaur.
The yaktaur is almost dead.
You block the yaktaur's attack.
You slash the yaktaur!
You kill the yaktaur!
Okawaru accepts your kill.
The yaktaur shoots a bolt.
You reflect the bolt off your +2 kite shield of reflection {Donald}!
The bolt hits the yaktaur!
You rampage towards the yaktaur!
Found Iwoniy's Armour Boutique.
You hit the yaktaur.
You tail-slap the yaktaur, but do no damage.
The yaktaur is almost dead.
You slice the yaktaur!!
You kill the yaktaur!
Okawaru accepts your kill.
The sentinel's mark upon you fades away.
A yaktaur comes into view.
You slash the yaktaur!
The yaktaur is moderately wounded.
The yaktaur hits you but does no damage.
You slice the yaktaur!! You tail-slap the yaktaur.
You kill the yaktaur!
Okawaru accepts your kill.
No target in view!
No target in view!
No target in view!
No target in view!
No target in view!
No target in view!
No target in view!
No target in view!
No target in view!
No target in view!
No target in view!
No target in view!
No target in view!
No target in view!
No target in view!
A boulder beetle comes into view.
You block the boulder beetle's attack.
Things that are here:
a +0 arbalest; a +0 arbalest; 34 bolts A boulder beetle is nearby!
A boulder beetle is nearby!
A boulder beetle is nearby!
You hit the boulder beetle but do no damage.
You tail-slap the boulder beetle, but do no damage.
The boulder beetle bites you but does no damage.
You hit the boulder beetle but do no damage.
You tail-slap the boulder beetle, but do no damage.
The boulder beetle is struck by your spines.
The boulder beetle bites you but does no damage.
You hit the boulder beetle but do no damage.
The boulder beetle is lightly wounded.
You block the boulder beetle's attack.
You slash the boulder beetle!
The boulder beetle is moderately wounded.
You slash the boulder beetle!
Your tail-slap misses the boulder beetle.
The boulder beetle is heavily wounded.
You block the boulder beetle's attack.
You hit the boulder beetle but do no damage.
Your tail-slap misses the boulder beetle.
The boulder beetle is heavily wounded.
The boulder beetle leaps!
No reachable target in view!
No reachable target in view!
No reachable target in view!
No reachable target in view!
No reachable target in view!
No reachable target in view!
No reachable target in view!
No reachable target in view!
A boulder beetle is nearby!
A boulder beetle is nearby!
No reachable target in view!
No reachable target in view!
No reachable target in view!
No target in view!
No target in view!
The boulder beetle is struck by your spines.
The boulder beetle barely misses you.
You slice the boulder beetle!!
The boulder beetle is almost dead.
You hit the boulder beetle but do no damage.
You tail-slap the boulder beetle, but do no damage.
The boulder beetle is almost dead.
The boulder beetle misses you.
You slice the boulder beetle!!
You kill the boulder beetle!
Okawaru accepts your kill.
No target in view!
No target in view!
There is an entrance to Iwoniy's Armour Boutique here.
c - the +7 chain mail "Dyeroupnu" {Rampage Regen+ Int+3 SInv} Thank you for shopping at Iwoniy's Armour Boutique!
You start removing your armour.
You continue taking off the +8 plate armour of the Dungeon {+Inv Fly}. x4
You finish taking off the +8 plate armour of the Dungeon {+Inv Fly}.
You float gracefully downwards.
You start putting on your armour.
You continue putting on the +7 chain mail "Dyeroupnu" {Rampage Regen+ Int+3 SInv}. x5
You finish putting on the +7 chain mail "Dyeroupnu" {Rampage Regen+ Int+3 SInv}.
The chain mail "Dyeroupnu" throbs as it attunes itself to your uninjured body.
You feel clever.
You feel ready to rampage towards enemies.
Okay, then.
There is a fountain of clear blue water here.
There is an open door here.
There is an open door here.
There is an open door here.
Found a stone staircase leading up.
Found 15 stones.
As you open the door, it creaks loudly!
Found Losorefe's Jewellery Emporium.
Found 21 stones.
There is an open door here.
There is an entrance to Losorefe's Jewellery Emporium here.
You can access your shopping list by pressing '$'.
You can access your shopping list by pressing '$'.
You now have 3960 gold pieces (gained 13).
You open the door.
A crystal guardian comes into view.
A peacekeeper comes into view.
A crystal guardian comes into view.
The peacekeeper hurls a volley of spikes at you.
The volley of spikes misses you.
There is an open door here.
You hit the crystal guardian but do no damage.
You slash the crystal guardian!
The crystal guardian is moderately damaged.
You block the crystal guardian's attack.
You slash the crystal guardian!
The crystal guardian is moderately damaged.
The crystal guardian is struck by your spines.
The crystal guardian hits you.
You hit the crystal guardian but do no damage.
The crystal guardian is heavily damaged.
The crystal guardian fires a crystalline bolt at you.
The crystal bolt misses you.
You slice the crystal guardian!!
You tail-slap the crystal guardian, but do no damage.
The crystal guardian is almost destroyed.
You hit the crystal guardian but do no damage.
You tail-slap the crystal guardian.
The crystal guardian is almost destroyed.
The crystal guardian hits you but does no damage.
You hit the crystal guardian but do no damage.
The crystal guardian is almost destroyed.
The crystal guardian completely misses you.
You slash the crystal guardian!
You destroy the crystal guardian!
Okawaru accepts your kill.
The peacekeeper roars a battlecry!
The crystal guardian goes into a battle-frenzy!
You slash the crystal guardian!
The crystal guardian is lightly damaged.
The crystal guardian is struck by your spines.
Your corrupting presence corrodes the crystal guardian!
The crystal guardian hits you!!
You slash the crystal guardian!
The crystal guardian is moderately damaged.
You slice the crystal guardian!!
The crystal guardian is almost destroyed.
You block the crystal guardian's attack.
You slice the crystal guardian!!
You destroy the crystal guardian!
Okawaru accepts your kill.
You slash the peacekeeper!
The peacekeeper is moderately damaged.
The peacekeeper bites you but does no damage.
The peacekeeper closely misses you.
You slice the peacekeeper!!
The peacekeeper is almost destroyed.
You block the peacekeeper's attack. x2
You slash the peacekeeper!
You destroy the peacekeeper!
Okawaru accepts your kill.
No target in view!
No target in view!
No target in view!
Magic restored.
You open the door.
There is an open door here.
You open the door.
There is an open door here.
You open the door.
There is an open door here.
There is an open door here.
Found a chain mail.
Found a hand axe.
No target in view!
No target in view!
There is an open door here.
There is an open door here.
As you open the door, it creaks loudly!
There is an open door here.
You open the door.
There is an open door here.
There is an open door here.
As you open the door, it creaks loudly!
There is an open door here.
You open the door. 2 yaktaurs and a yaktaur captain come into view.
The yaktaur captain shouts!
The yaktaur shouts!
The yaktaur wields a +0 arbalest.
The yaktaur shoots a bolt.
You reflect the bolt off your +2 kite shield of reflection {Donald}!
The bolt completely misses the yaktaur.
You hear a shout!
There are monsters nearby!
There are monsters nearby!
A yaktaur comes into view.
The yaktaur shoots a bolt.
You reflect the bolt off your +2 kite shield of reflection {Donald}!
The bolt hits the yaktaur!
There is an open door here.
The yaktaur shoots a bolt.
You reflect the bolt off your +2 kite shield of reflection {Donald}!
The bolt hits the yaktaur!!
You rampage towards the yaktaur captain!
You completely miss the yaktaur captain.
You block the yaktaur captain's attack.
The yaktaur unwields a +0 arbalest.
You block the yaktaur's attack.
You slice the yaktaur!!
You kill the yaktaur!
Okawaru accepts your kill.
You slice the yaktaur captain!!
Your corrupting presence corrodes the yaktaur captain!
You tail-slap the yaktaur captain, but do no damage.
The yaktaur captain is moderately wounded.
You block the yaktaur captain's attack. The yaktaur is struck by your spines.
The yaktaur hits you but does no damage.
You cut the yaktaur captain into ribbons!!!
You tail-slap the yaktaur captain.
The yaktaur captain looks weaker.
The yaktaur captain is almost dead.
The yaktaur captain completely misses you.
You block the yaktaur's attack.
You slash the yaktaur captain!
You kill the yaktaur captain!
Okawaru accepts your kill. You block the yaktaur's attack.
You slice the yaktaur!!
The yaktaur is almost dead.
The yaktaur completely misses you.
You slice the yaktaur!!
You kill the yaktaur!
Okawaru accepts your kill. The yaktaur is struck by your spines.
The yaktaur barely misses you.
You hit the yaktaur.
The yaktaur is moderately wounded.
The yaktaur is struck by your spines. The yaktaur closely misses you.
You slice the yaktaur!!
You kill the yaktaur!
Okawaru accepts your kill.
No target in view!
No target in view!
No target in view!
Okay, then.
Things that are here:
a +0 arbalest; 8 bolts
Things that are here:
a +0 arbalest; 22 bolts; a yaktaur corpse
Things that are here:
a +0 arbalest; 8 bolts
Things that are here:
a +0 arbalest; a +0 arbalest; 42 bolts
Things that are here:
a +0 arbalest; 8 bolts
Things that are here:
a +0 arbalest; 8 bolts
There is an open door here.
There is an open door here.
There is an open door here.
There is an open door here.
You open the large door.
There is a large open door here.
Mennas, the Voice of Zin comes into view.
He is wielding a +4 eudemon blade of holy wrath.
Mennas is nearby!
Mennas is nearby!
Mennas blocks your attack. Mennas is struck by your spines.
Mennas hits you but does no damage. Mennas misses you.
Mennas blocks your attack.
Your tail-slap misses Mennas.
Mennas is lightly wounded.
Mennas completely misses you. Mennas hits you but does no damage.
Mennas blocks your attack.
Mennas is lightly wounded.
Mennas hits you but does no damage.
Mennas hits you with a +4 eudemon blade of holy wrath!
You convulse!!
Mennas blocks your attack.
Mennas is lightly wounded.
Mennas is struck by your spines. Mennas hits you but does no damage.
Mennas hits you with a +4 eudemon blade of holy wrath!
You convulse!
You hit Mennas.
Mennas is lightly wounded.
Mennas gestures frantically.
Mennas's surroundings become eerily quiet.
You miss Mennas.
Your tail-slap misses Mennas.
Mennas is lightly wounded.
Mennas hits you but does no damage. You block Mennas's attack. x2
Mennas misses you.
Okay, then.
You miss Mennas.
Mennas is lightly wounded.
Mennas is struck by your spines.
Your corrupting presence corrodes Mennas!
Mennas hits you but does no damage. You block Mennas's attack.
Mennas blocks your attack.
Mennas is lightly wounded.
Mennas completely misses you. Mennas barely misses you.
Mennas blocks your attack.
Mennas is lightly wounded.
You block Mennas's attack.
Mennas hits you with a +4 eudemon blade of holy wrath!
You convulse.
You miss Mennas.
Your tail-slap misses Mennas.
Mennas is lightly wounded.
You block Mennas's attack. x2
You feel very mighty all of a sudden. Mennas is struck by your spines.
Mennas hits you but does no damage. You block Mennas's attack.
You slice Mennas!!
Your tail-slap misses Mennas.
Mennas is heavily wounded.
Mennas is caught in a moment of prayer.
You block Mennas's attack. x2
Mennas blocks your attack.
Mennas is heavily wounded.
Mennas hits you but does no damage. x2
Mennas blocks your attack.
Your tail-slap misses Mennas.
Mennas is heavily wounded.
You block Mennas's attack. Mennas completely misses you.
You miss Mennas.
Mennas is heavily wounded.
Mennas is no longer covered in acid.
You block Mennas's attack. x2
Mennas blocks your attack.
Mennas is heavily wounded.
Mennas gestures at you.
Mennas hits you with a +4 eudemon blade of holy wrath!!
You convulse!!
You block Mennas's attack.
You hit Mennas.
Your tail-slap misses Mennas.
Mennas is heavily wounded.
You block Mennas's attack. x2
You slash Mennas!
Your tail-slap misses Mennas.
Mennas is heavily wounded.
Mennas drinks a potion.
Mennas is healed!
Mennas is struck by your spines.
Your corrupting presence corrodes Mennas!
Mennas hits you but does no damage. You block Mennas's attack.
You completely miss Mennas.
Mennas is heavily wounded.
Mennas completely misses you. You block Mennas's attack.
Mennas blocks your attack.
Mennas is heavily wounded.
You block Mennas's attack.
Mennas hits you with a +4 eudemon blade of holy wrath.
You convulse.
Mennas blocks your attack.
Mennas is heavily wounded.
Mennas hits you with a +4 eudemon blade of holy wrath.
You convulse.
Mennas hits you with a +4 eudemon blade of holy wrath!
* * * LOW HITPOINT WARNING * * *
You convulse!
* * * LOW HITPOINT WARNING * * *
A red film seems to cover your vision as you go berserk!
You feel yourself moving faster!
You feel mighty!
Mennas hits you with a +4 eudemon blade of holy wrath!
* * * LOW HITPOINT WARNING * * *
You convulse!!
* * * LOW HITPOINT WARNING * * *
You block Mennas's attack.
You hit Mennas.
Your tail-slap misses Mennas.
Mennas is heavily wounded.
Mennas closely misses you. You block Mennas's attack.
Mennas blocks your attack.
Your tail-slap misses Mennas.
Mennas is heavily wounded.
Mennas blocks your attack.
Mennas is heavily wounded.
You block Mennas's attack.
Mennas hits you with a +4 eudemon blade of holy wrath.
* * * LOW HITPOINT WARNING * * *
You convulse.
* * * LOW HITPOINT WARNING * * *
Mennas blocks your attack.
Mennas is heavily wounded.
Mennas is struck by your spines. Mennas completely misses you.
Mennas hits you but does no damage. Mennas blocks your attack.
Your tail-slap misses Mennas.
Mennas is heavily wounded.
Mennas becomes audible again.
You barely miss Mennas.
Your tail-slap misses Mennas.
Mennas is heavily wounded.
You block Mennas's attack. x2
You slash Mennas!
Your tail-slap misses Mennas.
Mennas is heavily wounded.
Mennas gestures frantically.
Mennas's surroundings become eerily quiet.
Mennas blocks your attack.
Mennas is heavily wounded.
You miss Mennas.
Your tail-slap misses Mennas.
Mennas is heavily wounded.
Mennas is struck by your spines. Mennas misses you. You block Mennas's attack.
You closely miss Mennas.
Your tail-slap misses Mennas.
Mennas is severely wounded.
Mennas hits you with a +4 eudemon blade of holy wrath!
* * * LOW HITPOINT WARNING * * *
You convulse!
* * * LOW HITPOINT WARNING * * *
Mennas closely misses you.
You slice Mennas!!
Mennas is severely wounded.
Mennas drinks a potion.
Mennas is healed!
Mennas blocks your attack.
Mennas is severely wounded.
Mennas blocks your attack.
Your tail-slap misses Mennas.
Mennas is severely wounded.
Mennas hits you but does no damage. x2
You miss Mennas.
Mennas is severely wounded.
Mennas is no longer covered in acid.
You block Mennas's attack. x2
Mennas blocks your attack.
Mennas is severely wounded.
You slash Mennas!
Your tail-slap misses Mennas.
Mennas is almost dead.
You block Mennas's attack. x2
You completely miss Mennas.
Your tail-slap misses Mennas.
Mennas is almost dead.
Mennas closely misses you. You block Mennas's attack.
Mennas blocks your attack.
Mennas is almost dead.
Mennas hits you with a +4 eudemon blade of holy wrath!
* * * LOW HITPOINT WARNING * * *
You convulse!
* * * LOW HITPOINT WARNING * * *
You block Mennas's attack.
You miss Mennas.
Mennas is almost dead.
You completely miss Mennas.
Your tail-slap misses Mennas.
Mennas is almost dead.
You block Mennas's attack.
Mennas hits you with a +4 eudemon blade of holy wrath!
* * * LOW MAGIC WARNING * * *;
* * * LOW HITPOINT WARNING * * *
You convulse.
* * * LOW HITPOINT WARNING * * *
Mennas blocks your attack.
Mennas is almost dead.
Mennas hits you with a +4 eudemon blade of holy wrath!!
* * * LOW MAGIC WARNING * * *;
* * * LOW HITPOINT WARNING * * *
You convulse.
* * * LOW HITPOINT WARNING * * *
Mennas hits you with a +4 eudemon blade of holy wrath.
* * * LOW MAGIC WARNING * * *;
* * * LOW HITPOINT WARNING * * *
You convulse.
* * * LOW HITPOINT WARNING * * *
Mennas blocks your attack.
Your tail-slap misses Mennas.
Mennas is almost dead.
Mennas hits you but does no damage. You block Mennas's attack.
You slash Mennas!
Mennas is almost dead.
Mennas blocks your attack.
Your tail-slap misses Mennas.
Mennas is almost dead.
You are no longer berserk.
You are exhausted.
You feel yourself slow down.
Mennas becomes audible again.
You block Mennas's attack. x2
You feel much better. Mennas is struck by your spines.
Mennas hits you with a +4 eudemon blade of holy wrath!
* * * LOW HITPOINT WARNING * * *
You convulse!
* * * LOW MAGIC WARNING * * *;
* * * LOW HITPOINT WARNING * * *
Mennas completely misses you.
Mennas hits you with a +4 eudemon blade of holy wrath!!
* * * LOW MAGIC WARNING * * *;
* * * LOW HITPOINT WARNING * * *
You convulse!!
You die...

, #......#......# * ###
####..##..#..##..# ,,
##..###..'..##..#..##..#
.........'......'......#
,.####...##......#......#
........################
.≈≈≈≈.#.## # .≈≈≈≈.#..# #
.≈≈≈≈.#@.# # .≈≈≈≈ #A## #
* ..... ..# # .### ...# #
* , ,,,..... ############
.###.. #..........# * *
## ### #..........#
############..........#
#.##.##.##.+..........'


You could see Mennas.

Vanquished Creatures
  Mara (Shoals:4)
  Sojobo (Arena)
  Vashnia (Arena)
  Nikola (Shoals:1)
  An electric golem (WizLab)
  A tentacled monstrosity (Vaults:2)
  The ghost of ew1980 the Tortoise, an adept GrFi of Okawaru (D:13)
  A kraken (Shoals:4)
  Polyphemus (Shoals:4)
  Gastronok (D:10)
  6 sphinxes
  A sphinx (shapeshifter) (Vaults:1)
  Donald (Snake:1)
  Roxanne (Snake:2)
  3 tengu reavers
  4 nagarajas
  5 fire giants
  19 vault wardens
  Louise (Shoals:1)
  3 orc warlords
  18 ironbound preservers
  13 very ugly things
  2 stone giants (Vaults:1)
  4 war gargoyles
  4 entropy weavers
  8 dire elephants
  3 minotaurs (Shoals:4)
  7 crystal guardians
  A deep elf death mage (Vaults:1)
  Josephine (Orc:2)
  2 ettins
  5 merfolk impalers
  A fire dragon (D:15)
  Fannar (Orc:2)
  A great orb of eyes (Vaults:4)
  8 yaktaur captains
  12 vault guards
  12 ironbound thunderhulks
  9 naga warriors
  3 catoblepae
  Harold (D:9)
  12 ironbound frosthearts
  2 ogre magi
  4 salamander tyrants
  Erolcha (Orc:2)
  8 peacekeepers
  15 hydras
  3 alligator snapping turtles (Shoals:4)
  5 boulder beetles
  2 death knights
  A merfolk avatar (Shoals:4)
  16 centaur warriors
  2 tengu warriors
  12 two-headed ogres
  15 death yaks
  15 anacondas
  7 satyrs
  A deep troll shaman (Lair:6)
  A merfolk aquamancer (Shoals:2)
  16 naga sharpshooters
  A hell knight (Volcano)
  An orc high priest (Vaults:1)
  7 shock serpents
  A titan zombie (Vaults:3)
  Nergalle (Orc:2)
  5 salamander mystics
  13 sea snakes
  5 skeletal warriors (D:15)
  A necromancer (Vaults:3)
  8 naga ritualists
  4 wizards
  19 lindwurms
  46 deep trolls
  11 ironbound convokers
  A phantasmal warrior (Vaults:1)
  8 orc knights
  11 fauns
  14 mana vipers
  13 manticores
  16 ugly things
  A fire giant zombie (Vaults:3)
  3 deep elf pyromancers
  10 harpies
  31 salamanders
  10 orc sorcerers
  8 cyclopes
  3 elephants (Lair:6)
  7 guardian serpents (Snake:4)
  6 merfolk sirens
  35 black mambas
  18 vault sentinels
  16 cane toads
  A water nymph (Shoals:3)
  12 naga magi
  Maurice (Orc:2)
  6 gargoyles (WizLab)
  A torpor snail (Lair:6)
  Maggie (D:7)
  6 kobold demonologists
  3 rime drakes
  3 unseen horrors
  3 freezing wraiths (D:14)
  35 yaktaurs
  7 komodo dragons
  A meliai (shapeshifter) (D:15)
  21 merfolk
  7 trolls
  3 meliai (D:13)
  Prince Ribbit (D:8)
  2 polar bears
  Grinder (D:5)
  2 hornets
  4 wind drakes
  5 snapping turtles
  15 blink frogs
  30 slime creatures
  18 dream sheep
  10 redbacks
  2 ettin skeletons (Vaults:3)
  8 wraiths
  A tarantella (Vaults:1)
  4 wyverns
  2 fire elementals (WizLab)
  5 water elementals
  A vampire (D:14)
  Eustachio (D:6)
  11 fire bats
  48 yaks
  7 basilisks
  2 steam dragons
  9 vampire mosquitoes
  2 wargs
  36 nagas
  2 acid dragons
  10 water moccasins
  A swamp drake (Lair:4)
  35 orc warriors
  7 black bears
  2 necrophages
  2 ice beasts (Vaults:3)
  2 sky beasts
  5 wolves (Lair:6)
  5 boggarts
  13 ogres
  10 centaurs
  2 phantoms
  A kobold brigand (D:11)
  11 bullfrogs
  A gnoll sergeant (D:9)
  An earth elemental (WizLab)
  2 scorpions
  A water moccasin skeleton (D:6)
  10 wights
  15 killer bees
  6 howler monkeys
  5 lava snakes (Volcano)
  3 bullfrog zombies
  7 hounds
  21 orc priests
  2 jellies (Lair:6)
  4 centaur zombies
  A bullfrog skeleton (D:3)
  Natasha (thrice) (D:3)
  4 iguanas
  Terence (D:3)
  29 orc wizards
  2 lightning spires (WizLab)
  A killer bee zombie (D:8)
  A hound skeleton (D:4)
  A howler monkey zombie (D:7)
  7 gnolls
  A howler monkey skeleton (D:7)
  10 adders
  2 white imps
  2 ufetubi (D:5)
  3 worms
  3 dart slugs
  100 orcs
  5 bats
  4 endoplasms
  4 giant cockroaches
  12 goblins
  16 hobgoblins
  22 kobolds
  5 quokkas
  8 ball pythons
  4 frilled lizards
  6 rats
  2 tentacles (Shoals:4)
1425 creatures vanquished.

Vanquished Creatures (others)
  A merfolk impaler (Shoals:4)
  A centaur warrior (D:15)
  A naga sharpshooter (Snake:4)
  A salamander mystic (Snake:4)
  An ironbound convoker (Vaults:3)
  A naga (Snake:1)
  An orc warrior (D:15)
  2 orc wizards
  An orc (D:15)
  13 fungi
  72 plants
  6 tentacles (Shoals:4)
101 creatures vanquished.

Grand Total: 1526 creatures vanquished

Notes
Turn   | Place    | Note
-------+----------+-------------------------------------------
     0 | D:1      | sleeves the Demonspawn Fighter began the quest for the Orb.
     0 | D:1      | Reached XP level 1. HP: 18/18 MP: 1/1
    37 | D:1      | Reached skill level 2 in Long Blades
   103 | D:1      | Gained mutation: You have a small tail. [demonic ancestry]
   103 | D:1      | Reached XP level 2. HP: 24/24 MP: 2/2
   345 | D:1      | Reached skill level 3 in Long Blades
   548 | D:1      | Found a faded altar of an unknown god.
   830 | D:2      | Gained mutation: You are partially covered in yellow
                  | scales. (AC +2) [demonic ancestry]
   830 | D:2      | Reached XP level 3. HP: 29/29 MP: 3/3
  1228 | D:2      | Reached XP level 4. HP: 35/35 MP: 4/4
  1417 | D:2      | Reached skill level 4 in Long Blades
  1737 | D:3      | Noticed Terence
  1745 | D:3      | Killed Terence
  2097 | D:3      | Gained mutation: You are mostly covered in yellow scales.
                  | (AC +3) [demonic ancestry]
  2097 | D:3      | Reached XP level 5. HP: 32/41 MP: 5/5
  2238 | D:3      | Reached skill level 5 in Long Blades
  2415 | D:3      | Noticed Natasha
  2421 | D:3      | Killed Natasha
  2556 | D:3      | Noticed Natasha
  2565 | D:3      | Killed Natasha
  2566 | D:3      | Gained mutation: You are partially covered in sharp spines.
                  | [demonic ancestry]
  2566 | D:3      | Reached XP level 6. HP: 35/47 MP: 6/6
  2863 | D:3      | Noticed Natasha
  2868 | D:3      | Killed Natasha
  2930 | D:3      | Reached skill level 6 in Long Blades
  3292 | D:4      | Identified the +7 falchion "Geezup" {drain, Dex+2}
  3359 | D:4      | Noticed a wyvern
  3427 | D:4      | Reached skill level 7 in Long Blades
  3427 | D:4      | Gained mutation: You are mostly covered in sharp spines.
                  | [demonic ancestry]
  3427 | D:4      | Reached XP level 7. HP: 44/52 MP: 7/7
  3436 | D:4      | Killed a wyvern
  3437 | D:4      | Reached skill level 8 in Long Blades
  3691 | D:4      | Reached skill level 3 in Armour
  3691 | D:4      | Reached skill level 3 in Shields
  3886 | D:4      | Found a hazy altar of Hepliaklqana.
  4071 | D:4      | Noticed a +0 falchion
  4073 | D:4      | Noticed a +0 short sword
  4073 | D:4      | Noticed a +0 falchion
  4074 | D:4      | Noticed a +0 short sword
  4074 | D:4      | Noticed a +0 spear
  4074 | D:4      | Noticed a +0 dagger
  4075 | D:4      | Noticed a +0 dagger
  4076 | D:4      | Found a hide-covered altar of Uskayaw.
  4076 | D:4      | Noticed a +0 spear
  4227 | D:5      | Entered Level 5 of the Dungeon
  4231 | D:5      | Reached XP level 8. HP: 58/58 MP: 8/8
  4372 | D:5      | Found a basalt altar of Yredelemnul.
  4466 | D:5      | Noticed Grinder
  4476 | D:5      | Killed Grinder
  4477 | D:5      | Reached skill level 4 in Armour
  4477 | D:5      | Reached skill level 4 in Shields
  4590 | D:5      | Reached skill level 9 in Long Blades
  4610 | D:5      | Found a staircase to the Ecumenical Temple.
  4673 | Temple   | Entered the Ecumenical Temple
  4894 | Temple   | Became a worshipper of Warmaster Okawaru
  5252 | D:6      | Reached skill level 1 in Invocations
  5266 | D:6      | Noticed Eustachio
  5276 | D:6      | Killed Eustachio
  5311 | D:6      | Reached skill level 5 in Armour
  5311 | D:6      | Reached skill level 2 in Invocations
  5342 | D:6      | Gained mutation: You regenerate magic rapidly. [demonic
                  | ancestry]
  5342 | D:6      | Reached XP level 9. HP: 64/64 MP: 10/10
  5473 | D:6      | Reached * piety under Okawaru
  5474 | D:6      | Reached skill level 3 in Invocations
  5575 | D:6      | Found a burning altar of Makhleb.
  5575 | D:6      | Found a snail-covered altar of Cheibriados.
  5584 | D:6      | Found a faded altar of an unknown god.
  5586 | D:6      | Found a faded altar of an unknown god.
  5734 | D:6      | Reached skill level 4 in Fighting
  6003 | D:7      | Reached skill level 4 in Invocations
  6266 | D:7      | Found a shadowy altar of Dithmenos.
  6268 | D:7      | Found a bloodstained altar of Trog.
  6338 | D:7      | Reached ** piety under Okawaru
  6396 | D:7      | Noticed Maggie
  6411 | D:7      | Killed Maggie
  6412 | D:7      | Reached skill level 5 in Fighting
  6412 | D:7      | Reached skill level 5 in Invocations
  7038 | D:8      | Noticed Prince Ribbit
  7051 | D:8      | Reached skill level 6 in Armour
  7054 | D:8      | Reached skill level 10 in Long Blades
  7055 | D:8      | HP: 32/68 [yak (8)]
  7060 | D:8      | Reached *** piety under Okawaru
  7066 | D:8      | Gained mutation: You are completely covered in sharp
                  | spines. [demonic ancestry]
  7066 | D:8      | Reached XP level 10. HP: 37/74 MP: 14/14
  7080 | D:8      | Killed Prince Ribbit
  7081 | D:8      | Reached skill level 6 in Invocations
  7440 | D:8      | Found Upranet's Weapon Boutique.
  7960 | D:8      | Reached skill level 6 in Fighting
  8125 | D:9      | Reached **** piety under Okawaru
  8161 | D:9      | Noticed Harold
  8188 | D:9      | HP: 27/76 [Harold (13)]
  8191 | D:9      | Killed Harold
  8192 | D:9      | Reached skill level 7 in Armour
  8192 | D:9      | Reached skill level 7 in Invocations
  8703 | D:9      | Found a staircase to the Orcish Mines.
  8982 | D:10     | Entered Level 10 of the Dungeon
  8988 | D:10     | HP: 38/77 [orc warrior (5)]
  9013 | D:10     | Noticed a soul eater
  9014 | D:10     | Reached ***** piety under Okawaru
  9252 | D:10     | Reached skill level 8 in Invocations
  9366 | D:10     | Noticed a centaur warrior
  9382 | D:10     | Killed a centaur warrior
  9382 | D:10     | Received a gift from Okawaru
  9383 | D:10     | Reached skill level 7 in Fighting
  9390 | D:10     | Reached XP level 11. HP: 46/84 MP: 17/17
  9855 | D:10     | Found Parrusau's Assorted Antiques.
  9855 | D:10     | Noticed Gastronok
  9869 | D:10     | Killed Gastronok
  9870 | D:10     | Reached skill level 11 in Long Blades
  9926 | D:10     | Found an ornate altar of the Wu Jian Council.
 10002 | D:10     | Reached skill level 9 in Invocations
 10008 | D:10     | Reached skill level 8 in Armour
 10363 | D:10     | Found a staircase to the Lair.
 10511 | D:11     | Received a gift from Okawaru
 10691 | D:11     | Reached skill level 8 in Fighting
 10807 | D:11     | Found a one-way gate to the infinite horrors of the Abyss.
 10807 | D:11     | Noticed jasper's ghost (journeyman DsVM)
 10807 | D:11     | Noticed a skeletal warrior
 10816 | D:11     | Found a transporter.
 10816 | D:11     | Noticed a soul eater
 10816 | D:11     | Noticed a wizard
 10859 | D:11     | Noticed a boulder beetle
 10869 | D:11     | HP: 16/86 [boulder beetle (30)]
 11179 | D:11     | Killed a boulder beetle
 11180 | D:11     | Reached skill level 10 in Invocations
 11703 | D:11     | Found a transporter.
 11892 | D:12     | Reached skill level 9 in Armour
 12117 | D:12     | Found Qiafaq's Armour Boutique.
 12138 | D:12     | Noticed a centaur warrior
 12139 | D:12     | Found Qiafri's Antique Weapon Shop.
 12146 | D:12     | Killed a centaur warrior
 12147 | D:12     | Reached skill level 9 in Fighting
 12147 | D:12     | Reached XP level 12. HP: 66/95 MP: 19/19
 12233 | D:12     | Reached skill level 12 in Long Blades
 12393 | D:12     | Found a flickering gateway to a bazaar.
 12399 | D:12     | HP: 47/94 [something (38)]
 12400 | D:12     | Found Zoacly's Armour Shoppe.
 12402 | Bazaar   | Entered a bazaar
 12404 | Bazaar   | Found Pereav's Antique Weapon Boutique.
 12643 | Bazaar   | Found Giqeut's Antique Armour Boutique.
 12643 | Bazaar   | Found Poll's Jewellery Boutique.
 12644 | Bazaar   | Found Emoedout's Armour Boutique.
 12789 | D:12     | Found Peloshr Tiam's Antique Weapon Emporium.
 13207 | D:13     | Noticed a tengu warrior
 13207 | D:13     | Noticed a tengu warrior
 13220 | D:12     | Killed a tengu warrior
 13220 | D:12     | Received a gift from Okawaru
 13235 | D:13     | Killed a tengu warrior
 13472 | D:13     | Noticed a centaur warrior
 13482 | D:13     | Killed a centaur warrior
 13658 | D:13     | Reached skill level 10 in Fighting
 13814 | D:13     | Found a gate to the Vaults.
 13814 | D:13     | Noticed a vault guard
 13836 | D:13     | Killed a vault guard
 13837 | D:13     | Reached skill level 10 in Armour
 14019 | D:13     | Noticed a boulder beetle
 14047 | D:13     | Killed a boulder beetle
 14144 | D:13     | Reached ****** piety under Okawaru
 14145 | D:13     | Reached skill level 13 in Long Blades
 14203 | D:13     | Found a portal to a secret trove of treasure.
 14535 | D:14     | Noticed a centaur warrior
 14540 | D:14     | Received a gift from Okawaru
 14546 | D:14     | Killed a centaur warrior
 14569 | D:14     | Noticed a centaur warrior
 14580 | D:14     | Killed a centaur warrior
 14757 | D:14     | Noticed a seven-headed hydra
 14906 | Orc:1    | Entered Level 1 of the Orcish Mines
 15008 | Orc:1    | Noticed a two-headed ogre
 15014 | Orc:1    | Killed a two-headed ogre
 15159 | Orc:2    | Entered Level 2 of the Orcish Mines
 15320 | Orc:2    | Found a staircase to the Elven Halls.
 15601 | Orc:2    | Found Syodej's Jewellery Boutique.
 15624 | Orc:2    | Reached skill level 14 in Long Blades
 15624 | Orc:2    | Gained mutation: You are completely covered in yellow
                  | scales. (AC +4, rCorr) [demonic ancestry]
 15624 | Orc:2    | Reached XP level 13. HP: 89/103 MP: 20/20
 15829 | Orc:1    | Noticed Erolcha
 15829 | Orc:1    | Noticed Fannar
 15832 | Orc:1    | Gained mutation: Armour fits poorly on your strangely
                  | shaped body. [a neqoxec]
 16113 | Orc:2    | Noticed Maurice
 16129 | Orc:2    | Killed Maurice
 16248 | Orc:2    | HP: 45/96 [orc sorcerer/bolt of negative energy (38)]
 16250 | Orc:2    | Reached skill level 5 in Shields
 16290 | Orc:2    | Noticed an orc warlord
 16290 | Orc:2    | HP: 39/98 [orc warrior[an orc warlord] (2)]
 16293 | Arena    | Entered the Arena
 16294 | Arena    | Identified 4 scrolls of acquirement
 16515 | Orc:2    | Acquired 793 gold pieces
 16517 | Orc:2    | Acquired 468 gold pieces
 16519 | Orc:2    | Acquired a manual of Invocations
 16521 | Orc:2    | Acquired 532 gold pieces
 16585 | Orc:2    | Killed an orc warlord
 16854 | Orc:2    | Found Leshask's Assorted Antiques.
 16956 | Orc:2    | Bought 2 potions of heal wounds for 300 gold pieces
 16972 | Orc:1    | Noticed Josephine
 16974 | Orc:1    | Noticed Nergalle
 17001 | Orc:2    | Reached skill level 6 in Shields
 17091 | Orc:2    | Killed Josephine
 17091 | Orc:2    | HP: 49/103 [wraith[Josephine] (11)]
 17092 | Orc:2    | Reached skill level 11 in Armour
 17559 | Orc:2    | Killed Nergalle
 17742 | Orc:1    | Received a gift from Okawaru
 18182 | Orc:2    | Found Muziev Fici's Antique Weapon Boutique.
 18187 | Orc:2    | Found Esefegoj's Antique Armour Shop.
 18196 | Orc:2    | Bought a bloodstained plate armour for 700 gold pieces
 18196 | Orc:2    | Identified the +8 plate armour of the Dungeon {+Inv Fly}
                  | (You bought it in a shop on level 2 of the Orcish Mines)
 18262 | Orc:2    | HP: 44/99 [orc sorcerer/bolt of fire (11)]
 18785 | Orc:2    | Killed Erolcha
 18786 | Orc:2    | Reached skill level 7 in Shields
 18983 | Orc:2    | HP: 49/103 [Fannar/refrigeration (21)]
 18984 | Orc:2    | Killed Fannar
 19493 | Lair:1   | Entered Level 1 of the Lair of Beasts
 20436 | Lair:1   | Reached skill level 12 in Armour
 20453 | Lair:1   | Reached skill level 8 in Shields
 20838 | Lair:2   | Gained mutation: You have a tail ending in a sharp stinger.
                  | [demonic ancestry]
 20838 | Lair:2   | Reached XP level 14. HP: 98/110 MP: 21/21
 22368 | Lair:3   | Identified the +3 plate armour "Fusko" {god gift, Int+3}
                  | (Okawaru gifted it to you on level 3 of the Lair of Beasts)
 22368 | Lair:3   | Received a gift from Okawaru
 22415 | Lair:3   | Reached skill level 9 in Shields
 22443 | Lair:3   | HP: 36/110 [catoblepas (23)]
 22463 | Lair:3   | HP: 33/110 [cane toad (8)]
 22632 | Lair:3   | Found a dark tunnel.
 22719 | Volcano  | Entered a volcano
 22947 | Volcano  | Reached skill level 13 in Armour
 23091 | Volcano  | Found a bloodstained altar of Trog.
 23137 | Volcano  | Found a bloodstained altar of Trog.
 23945 | Lair:4   | Found a staircase to the Snake Pit.
 24010 | Lair:4   | Reached skill level 10 in Shields
 24357 | Lair:4   | Noticed Sonja
 24358 | Lair:4   | Noticed Sonja
 24358 | Lair:4   | Sonja changed into Sonja the swamp drake
 24359 | Lair:4   | Found a staircase to the Shoals.
 24370 | Lair:4   | Killed Sonja the swamp drake
 25016 | Lair:4   | Received a gift from Okawaru
 25708 | Lair:5   | Reached skill level 14 in Armour
 26030 | Lair:5   | Reached skill level 11 in Shields
 26174 | Lair:5   | Noticed Nessos
 26177 | Lair:5   | Noticed Nessos
 26177 | Lair:5   | Nessos changed into Nessos the redback
 26181 | Lair:5   | Killed Nessos the redback
 26581 | Lair:6   | Entered Level 6 of the Lair of Beasts
 26642 | Lair:6   | Gained mutation: You have a sharp stinger which inflicts
                  | weakening toxins. [demonic ancestry]
 26642 | Lair:6   | Reached XP level 15. HP: 84/115 MP: 22/22
 26714 | Lair:6   | Received a gift from Okawaru
 27097 | Lair:6   | Found a staircase to the Slime Pits.
 27236 | Lair:6   | Received a gift from Okawaru
 27931 | Lair:6   | Reached skill level 12 in Shields
 27981 | Lair:6   | Got the Tome of Evil Flight
 27984 | Lair:6   | Identified the +5 short sword of Jaupoar {elec, Int+3}
 28664 | D:14     | Reached skill level 15 in Armour
 29215 | D:14     | Reached skill level 13 in Shields
 29433 | D:14     | HP: 30/115 [??? (28)]
 29812 | D:14     | Acquired a +1 vampiric double sword
 29900 | D:15     | Entered Level 15 of the Dungeon
 29909 | D:15     | Received a gift from Okawaru
 29992 | D:15     | Found a staircase to the Depths.
 29992 | D:15     | Noticed a fire giant
 30013 | D:15     | Killed a fire giant
 30552 | D:15     | Found a snail-covered altar of Cheibriados.
 30595 | D:15     | Reached XP level 16. HP: 76/122 MP: 23/23
 31171 | Lair:3   | Paralysed by a hornet for 1 turns
 31227 | Snake:1  | Entered Level 1 of the Snake Pit
 31269 | Snake:1  | Reached skill level 14 in Shields
 31907 | Snake:1  | Reached skill level 15 in Long Blades
 31942 | Snake:1  | HP: 54/122 [shock serpent/electric aura (12)]
 32383 | Snake:2  | Received a gift from Okawaru
 32404 | Snake:2  | HP: 54/122 [naga sharpshooter/bolt (14)]
 32404 | Snake:2  | Noticed Vashnia
 32456 | Snake:2  | Noticed Donald
 32471 | Snake:1  | HP: 60/122 [anaconda (5)]
 32473 | Snake:1  | HP: 24/122 [naga sharpshooter/arrow[Vashnia] (18)]
 32565 | Snake:1  | Killed Donald
 32730 | Snake:2  | HP: 56/122 [naga (11)]
 32735 | Snake:2  | HP: 44/122 [naga sharpshooter/bolt (11)]
 32737 | Snake:2  | HP: 18/122 [naga sharpshooter/bolt (21)]
 32742 | Snake:2  | HP: 34/122 [poisoned by a naga sharpshooter (splash of
                  | poison)]
 32749 | Snake:2  | HP: 38/122 [Vashnia/arrow (19)]
 32774 | Arena    | Entered the Arena
 32795 | Arena    | Killed Vashnia
 32817 | Snake:2  | Reached skill level 15 in Shields
 32962 | Snake:2  | Lost mutation: Armour fits poorly on your strangely shaped
                  | body. [potion of mutation]
 32962 | Snake:2  | Gained mutation: You have a pair of small horns on your
                  | head. [potion of mutation]
 32962 | Snake:2  | Gained mutation: You sometimes lose the ability to read
                  | scrolls when taking damage. [potion of mutation]
 32963 | Snake:2  | Lost mutation: You sometimes lose the ability to read
                  | scrolls when taking damage. [potion of mutation]
 32963 | Snake:2  | Lost mutation: You have a pair of small horns on your head.
                  | [potion of mutation]
 32963 | Snake:2  | Gained mutation: You passively map a small area around you.
                  | [potion of mutation]
 32963 | Snake:2  | Gained mutation: Your spells are a little harder to cast,
                  | but a little more powerful. [potion of mutation]
 33177 | Snake:2  | Reached skill level 16 in Long Blades
 33274 | Snake:2  | Noticed Roxanne
 33319 | Snake:2  | Killed Roxanne
 33320 | Snake:2  | Reached skill level 1 in Dodging
 33618 | Snake:3  | Reached skill level 2 in Dodging
 33618 | Snake:3  | Reached skill level 11 in Invocations
 33700 | Snake:3  | HP: 60/124 [shock serpent/bolt of electricity (24)]
 33885 | Snake:2  | HP: 60/124 [poisoned by a nagaraja (poison arrow)]
 33890 | Snake:2  | HP: 55/124 [poisoned by a nagaraja (poison arrow)]
 33895 | Snake:2  | HP: 55/124 [poisoned by a nagaraja (poison arrow)]
 34081 | Snake:3  | Reached skill level 3 in Dodging
 34110 | Snake:3  | Reached skill level 12 in Invocations
 34122 | Snake:3  | HP: 59/124 [salamander tyrant/flame surge (39)]
 34147 | Snake:3  | HP: 61/124 [salamander mystic/bolt of magma (20)]
 34220 | Snake:2  | Received a gift from Okawaru
 34220 | Snake:2  | Found the +8 autumn katana {god gift, vorpal, Clar}
 34258 | Snake:3  | Reached skill level 11 in Fighting
 34258 | Snake:3  | Gained mutation: When hurt, damage is shared between your
                  | health and your magic reserves. [demonic ancestry]
 34258 | Snake:3  | Reached XP level 17. HP: 131/131 MP: 26/26
 34582 | Snake:4  | Entered Level 4 of the Snake Pit
 34596 | Snake:4  | HP: 65/131 [nagaraja (6)]
 34601 | Snake:4  | HP: 55/131 [poisoned by a naga sharpshooter (splash of
                  | poison)]
 34606 | Snake:4  | HP: 53/131 [poisoned by a naga sharpshooter (splash of
                  | poison)]
 34611 | Snake:3  | HP: 54/131 [poisoned by a naga sharpshooter (splash of
                  | poison)]
 34738 | Snake:4  | Found a hide-covered altar of Uskayaw.
 34753 | Snake:4  | Reached skill level 13 in Invocations
 34763 | Snake:4  | Reached skill level 4 in Dodging
 34861 | Snake:4  | Found Ozino's Jewellery Boutique.
 34898 | Snake:4  | Identified the +2 scale mail of Okawaru's Wrath {god gift,
                  | rF+ rN+ Int-2} (Okawaru gifted it to you on level 4 of the
                  | Snake Pit)
 34898 | Snake:4  | Received a gift from Okawaru
 34945 | Snake:4  | Found Vuorghis's Antique Weapon Boutique.
 34947 | Snake:4  | Found Opneizxo's Jewellery Emporium.
 35095 | Snake:4  | Reached skill level 14 in Invocations
 35127 | Snake:4  | Found Teuz's Book Shoppe.
 35247 | Snake:4  | Reached skill level 5 in Dodging
 35477 | Snake:4  | Reached skill level 12 in Fighting
 35477 | Snake:4  | Reached skill level 15 in Invocations
 35532 | Snake:4  | HP: 66/133 [poisoned by a guardian serpent (bolt of
                  | poison)]
 35537 | Snake:4  | HP: 38/133 [poisoned by a guardian serpent (bolt of
                  | poison)]
 35542 | Snake:4  | HP: 42/133 [poisoned by a guardian serpent (bolt of
                  | poison)]
 35553 | Snake:4  | Reached skill level 6 in Dodging
 35676 | Snake:4  | HP: 60/135 [black mamba (12)]
 35681 | Snake:4  | HP: 57/135 [mana viper (14)]
 35686 | Snake:4  | HP: 56/135 [poisoned by a black mamba]
 35691 | Snake:4  | HP: 63/135 [poisoned by a black mamba]
 35758 | Snake:4  | Got a serpentine rune of Zot
 35940 | Snake:4  | Reached skill level 7 in Dodging
 35959 | Snake:4  | Identified the +2 demon blade "Rucyroh" {god gift, flame,
                  | rC+ Str+5 Int+4} (Okawaru gifted it to you on level 4 of
                  | the Snake Pit)
 35959 | Snake:4  | Received a gift from Okawaru
 36267 | Shoals:1 | Entered Level 1 of the Shoals
 36267 | Shoals:1 | Noticed Louise
 36296 | Shoals:1 | Killed Louise
 36297 | Shoals:1 | Reached skill level 13 in Fighting
 36474 | Shoals:1 | Noticed Nikola
 36518 | Shoals:1 | Killed Nikola
 36660 | Shoals:1 | Reached skill level 8 in Dodging
 36861 | Shoals:1 | Reached XP level 18. HP: 118/144 MP: 29/29
 37953 | Shoals:3 | Identified the +1 leather armour "Ivor Pui" {rF- Will++
                  | Regen+}
 38089 | Shoals:3 | Received a gift from Okawaru
 38819 | Shoals:4 | Entered Level 4 of the Shoals
 38829 | Shoals:4 | Reached skill level 14 in Fighting
 38831 | Shoals:4 | Reached skill level 9 in Dodging
 38929 | Shoals:4 | HP: 62/146 [satyr (20)]
 38937 | Shoals:4 | HP: 67/147 [faun (3)]
 39048 | Shoals:4 | Noticed Mara
 39052 | Shoals:4 | Noticed sleeves's illusion
 39115 | Shoals:4 | Received a gift from Okawaru
 39187 | Shoals:4 | Noticed sleeves's illusion
 39187 | Shoals:4 | HP: 68/147 [Mara (illusionary) (20)]
 39192 | Shoals:4 | HP: 54/147 [poisoned by Mara]
 39197 | Shoals:4 | HP: 50/147 [poisoned by Mara]
 39202 | Shoals:4 | HP: 32/147 [poisoned by Mara]
 39207 | Shoals:4 | HP: 55/147 [poisoned by Mara]
 39208 | Shoals:4 | Killed Mara
 39369 | Shoals:4 | Reached skill level 10 in Dodging
 39397 | Shoals:4 | Noticed Polyphemus
 39414 | Shoals:4 | Paralysed by a sphinx for 3 turns
 39426 | Shoals:4 | Killed Polyphemus
 39465 | Shoals:4 | Reached skill level 15 in Fighting
 39563 | Shoals:4 | Identified the +0 ring mail "Keratat" {Will+ Int+9}
 39583 | Shoals:4 | Got the Tome of Moulding and Calling
 39789 | Shoals:4 | Reached skill level 11 in Dodging
 39805 | Shoals:4 | Got a barnacled rune of Zot
 40350 | Vaults:1 | Entered Level 1 of the Vaults
 40873 | Vaults:1 | HP: 71/149 [poisoned by a green very ugly thing]
 40878 | Vaults:1 | HP: 57/149 [poisoned by a green very ugly thing]
 40883 | Vaults:1 | HP: 58/149 [poisoned by a green very ugly thing]
 40972 | Vaults:1 | Identified the -3 kite shield "Icaodoara" {god gift, rF+
                  | Int+4} (Okawaru gifted it to you on level 1 of the Vaults)
 40972 | Vaults:1 | Received a gift from Okawaru
 40973 | Vaults:1 | Reached skill level 12 in Dodging
 41130 | Vaults:1 | Reached XP level 19. HP: 139/155 MP: 21/30
 41438 | Vaults:1 | HP: 74/155 [burnt (6)]
 41443 | Vaults:1 | HP: 62/155 [poisoned by a green very ugly thing]
 41448 | Vaults:1 | HP: 63/155 [poisoned by a green very ugly thing]
 41471 | Vaults:1 | HP: 77/155 [ironbound frostheart/creeping frost (18)]
 41537 | Vaults:1 | Reached skill level 13 in Dodging
 41811 | Vaults:1 | Found Xuameecs's Jewellery Shop.
 41870 | Vaults:1 | Found a runed translucent gate.
 41870 | Vaults:1 | Found a runed translucent gate.
 41870 | Vaults:1 | Found a runed translucent gate.
 41872 | Vaults:1 | Identified the +0 kite shield of Undesirable Species {*Slow
                  | rPois Str+6}
 41873 | Vaults:1 | Noticed ew1980's ghost (adept GrFi)
 42150 | Vaults:1 | Identified the +7 chain mail of Starshine {rPois rC- Int+8}
 42293 | D:13     | Killed ew1980's ghost
 42438 | Vaults:1 | Identified the +1 pair of gloves "Qenod Uxoe" {Will- Int+5
                  | SInv Stlth+}
 42588 | Vaults:2 | Reached skill level 14 in Dodging
 42616 | Vaults:2 | Found a magical portal.
 42625 | WizLab   | Entered Maxwell's Workshop
 42657 | WizLab   | HP: 76/155 [crystal guardian/crystal bolt (30)]
 42808 | WizLab   | Identified the ring of the Death Scarab {Ice Str+3 Dex+4}
 42810 | WizLab   | Identified the ring "Wuzeph" {Fire rCorr Int+2}
 42886 | WizLab   | HP: 77/155 [crystal guardian (22)]
 43046 | WizLab   | Noticed an electric golem
 43059 | WizLab   | Killed an electric golem
 43068 | WizLab   | Identified the +1 leather armour of Dramatic Exits {rElec
                  | rC+ Will+ Dex-5}
 43083 | WizLab   | Received a gift from Okawaru
 43217 | WizLab   | Reached skill level 15 in Dodging
 43646 | Vaults:2 | Identified the +2 scale mail of Ijofis {Will+ Str+3 Stlth+}
 43681 | Vaults:2 | Got Sif Muna's Incunabulum of Stones and Unholy Magic
 44321 | Vaults:2 | Received a gift from Okawaru
 44322 | Vaults:2 | Gained mutation: Your presence sometimes corrodes those you
                  | injure. [demonic ancestry]
 44322 | Vaults:2 | Reached XP level 20. HP: 162/162 MP: 31/31
 44444 | Vaults:2 | Reached skill level 16 in Armour
 44449 | Vaults:2 | Reached skill level 16 in Shields
 44453 | Vaults:2 | HP: 78/162 [war gargoyle[a peacekeeper] (6)]
 44462 | Vaults:2 | HP: 79/162 [peacekeeper (3)]
 44990 | Vaults:3 | HP: 76/162 [cyan very ugly thing (13)]
 44992 | Vaults:3 | HP: 37/162 [titan zombie[a necromancer] (20)]
 45055 | Vaults:2 | HP: 78/162 [poisoned by a green very ugly thing]
 45060 | Vaults:2 | HP: 51/162 [poisoned by a green very ugly thing]
 45066 | Vaults:2 | HP: 81/162 [cyan very ugly thing (20)]
 45071 | Vaults:2 | HP: 57/162 [poisoned by a green very ugly thing]
 45071 | Vaults:2 | HP: 27/162 [cyan very ugly thing (19)]
 45175 | Vaults:3 | Received a gift from Okawaru
 45530 | Vaults:3 | Reached skill level 17 in Armour
 45530 | Vaults:3 | Reached skill level 17 in Shields
 45618 | Vaults:3 | Found Tiekk's General Store.
 45623 | Vaults:3 | Bought a potion of heal wounds for 85 gold pieces
 45696 | Vaults:3 | Paralysed by a sphinx for 7 turns
 45800 | Vaults:3 | Received a gift from Okawaru
 46163 | Vaults:3 | Found a staircase to the Crypt.
 46163 | Vaults:3 | Found an ancient bone altar of Kikubaaqudgha.
 46163 | Vaults:3 | Found a basalt altar of Yredelemnul.
 46651 | Vaults:4 | HP: 67/162 [vault warden (26)]
 46657 | Vaults:4 | HP: 72/162 [sphinx/divine providence (7)]
 46686 | Vaults:4 | Noticed Sojobo
 46703 | Arena    | Entered the Arena
 46712 | Arena    | Paralysed by an air elemental for 1 turns
 46717 | Arena    | Killed Sojobo
 46718 | Arena    | Reached XP level 21. HP: 105/168 MP: 3/32
 46784 | Vaults:4 | Identified the +0 chain mail of Riaziasu {god gift, Int+3
                  | Dex+3} (Okawaru gifted it to you on level 4 of the Vaults)
 46784 | Vaults:4 | Received a gift from Okawaru
 46842 | Vaults:4 | Found Saxol's Assorted Antiques.
 46847 | Vaults:4 | Bought a scroll of teleportation for 78 gold pieces
 47007 | Vaults:4 | Reached skill level 18 in Armour
 47007 | Vaults:4 | Reached skill level 18 in Shields
 47044 | Vaults:4 | Found Iwoniy's Armour Boutique.
 47066 | Vaults:4 | Bought the +7 chain mail "Dyeroupnu" {Rampage Regen+ Int+3
                  | SInv} for 741 gold pieces
 47137 | Vaults:4 | Found Losorefe's Jewellery Emporium.
 47375 | Vaults:4 | Noticed Mennas
 47397 | Vaults:4 | HP: 80/168 [Mennas (12)]
 47408 | Vaults:4 | HP: 75/252 [Mennas (12)]
 47416 | Vaults:4 | HP: 64/252 [Mennas (10)]
 47419 | Vaults:4 | HP: 18/252 [Mennas (19)]
 47419 | Vaults:4 | HP: 7/252 [Mennas (3)]
 47423 | Vaults:4 | HP: 1/168 [Mennas (22)]
 47423 | Vaults:4 | Demolished by Mennas

Illustrated notes

Levels and vault maps discovered:
D:1:      lemuel_arrival_rhombus, layout_rooms, serial_forest,
          infiniplex_forest_clump_small, infiniplex_forest_corner_1,
          infiniplex_forest_end_3, infiniplex_forest_straight_4,
          infiniplex_forest_fountain, infiniplex_forest_straight_2,
          infiniplex_forest_pool, ebering_ecumenical_altar_petrified,
          minmay_small_reverse_x
D:2:      layout_basic, grunt_ministairs_2, minmay_liquid_box, minivault_24,
          minmay_close_crescents
D:3:      layout_basic, serial_forest, infiniplex_forest_clump_medium,
          infiniplex_forest_clump_tiny, infiniplex_forest_clump_double,
          infiniplex_forest_fountain, infiniplex_forest_end_2,
          infiniplex_forest_straight_1, infiniplex_forest_straight_5,
          infiniplex_forest_clump_tiny, uniq_terence, uniq_natasha
D:4:      minmay_clustersquares, layout_cave_pods, nicolae_uskayaw_en_pointe,
          nicolae_overflow_crystal_walls, serial_bayou_pond_c
D:5:      layout_cave_pools, mainiacjoe_overflow_small_starburst,
          minmay_temple_entry_junction_2, kennysheep_generic_room_16,
          uniq_grinder
D:6:      layout_basic, mainiacjoe_overflow_alcove_2,
          chequers_temple_overflow_minitemple, uniq_eustachio
D:7:      corexii_shantytown, layout_cave_pods,
          chequers_temple_overflow_statue_of_worship, uniq_maggie
D:8:      layout_basic, serial_shops, shop, uniq_prince_ribbit1
D:9:      layout_basic, orc_0_dummy, kennysheep_generic_room_10, uniq_harold
D:10:     layout_loops_corners, pdpol_wu_jian_five_deadly_venoms,
          mainiacjoe_overflow_cross_hatched, david_lair_shrubbed, serial_shops,
          shop, st_stairs_8, grunt_ministairs_1, uniq_gastronok
D:11:     layout_cave_pools, gammafunk_ghost_abyssal_escape
D:12:     layout_small_grid, serial_shops, freezing_bzr, shop,
          nicolae_square_shop, shop_statue, shop, chequers_decorated_corner
D:13:     minmay_skewed_foursquare, layout_long_grid, david_vaults_5,
          nicolae_trove_entry_diagonal
D:14:     layout_grid_maze, minmay_tree_intersection, minmay_increasing_density
D:15:     grunt_enter_depths_giant_problem, layout_basic, serial_bayou_pond_e,
          special_room [special_room_orc], kennysheep_slug_shrine
Temple:   minmay_temple_curvy_loop
Lair:1:   layout_chaotic_city, grunt_megastairs_2
Lair:2:   layout_cave_pods, grunt_megastairs_1
Lair:3:   layout_chaotic_city, nicolae_volcano_entry_batcave,
          chequers_serial_rivers_micro_c, beast_lair_carwin_3,
          serial_bayou_shore_b
Lair:4:   layout_regular_city, minmay_shoals_entry_beasts, dummy_snake_entry,
          uniq_sonja
Lair:5:   layout_gridlike, grunt_megastairs_5, infiniplex_staircase_pool_2,
          serial_bayou_shore_b, uniq_nessos
Lair:6:   grunt_lair_end_beastmaster, layout_hall_layers,
          minmay_slime_entry_pillars, infiniplex_staircase_pool,
          lemuel_fruit_tree
Shoals:1: layout_shoals, uniq_nikola, uniq_louise
Shoals:2: layout_shoals, nzn_prometheus_bound
Shoals:3: layout_shoals
Shoals:4: shoals_end_hellmonk_lost_city, uniq_polyphemus, uniq_mara
Snake:1:  layout_layer_cave, drop_trap, nicolae_snake_round_shape_thing
Snake:2:  layout_cave_shapes, uniq_roxanne, uniq_vashnia, uniq_donald
Snake:3:  layout_misc_corridors
Snake:4:  snake_pit_salamanders_mu, layout_cave_town, basic_altar, serial_shops,
          nicolae_shop_statue_plus, nicolae_diamond_shop, shop, shop,
          serial_bayou_pond_a
Orc:1:    layout_caves, basic_altar, uniq_nergalle, uniq_erolcha,
          uniq_josephine, uniq_fannar
Orc:2:    grunt_orc_community_town_hall, layout_diamond_mine,
          grunt_orc_community_big_house_1, grunt_orc_community_big_house_1,
          grunt_orc_community_house_3, grunt_orc_community_house_3,
          grunt_orc_community_house_3, grunt_orc_community_house_1,
          grunt_orc_community_house_1, uniq_maurice
Vaults:1: biasface_ghost_orc_armoury, st_eye, vaults_dpeg_encased_lava,
          hangedman_vaults_stagger, ontoclasm_vaults_tryst,
          hangedman_vaults_maws, nicolae_vaults_little_squares_1, v_misc_30,
          layout_vaults_omnigrid, serial_shops, shop
Vaults:2: dpeg_vaults_monster_row, nicolae_vaults_stairing_the_circle,
          nicolae_vaults_border_crossing, v_misc_30,
          nicolae_vaults_network_quinsquares
          [nicolae_vaults_network_quincunx_subvault,
          nicolae_vaults_network_quincunx_subvault,
          nicolae_vaults_network_quincunx_subvault,
          nicolae_vaults_network_quincunx_subvault],
          nicolae_vaults_diagonal_hallway_6, ontoclasm_vaults_shuriken,
          vaults_room_fours, nicolae_vaults_know_your_exits, vaults_dpeg_ring,
          layout_vaults_chaotic_city, mu_enter_wizlab_5
Vaults:3: nicolae_vaults_twisting_passages, minmay_crypt_entry_necro_gods,
          serial_ice_b, ontoclasm_vaults_loading_screen, v_misc_12,
          hangedman_vaults_maws, nicolae_vaults_network_s, vaults_room_fours,
          v_misc_28, nicolae_vaults_little_squares_3, grunt_vaults_focal,
          vaults_room_hallway, layout_vaults_ring, serial_shops, shop,
          uniq_margery
Vaults:4: vaults_mumra_hexcomb, vaults_mumra_minichess_inversion, v_misc_26,
          v_alt_pattern_3, v_pattern_4, v_misc_3, grunt_vaults_funnel,
          vaults_room_ringed_pool, nicolae_vaults_little_squares_6,
          grunt_vaults_hallway_short, vaults_room_pool,
          nicolae_vaults_little_squares_4, layout_vaults_omnicross,
          serial_shops, shop, shop, shop,
          nicolae_shop_temple_entry_statues_fountains, uniq_mennas, uniq_sojobo

Skill      XL: |  1  2  3  4  5  6  7  8  9 10 11 12 13 14 15 16 17 18 19 20 21 |
---------------+----------------------------------------------------------------+-----
Long Blades    | 2 3 4 5 7 8 9 10 11 14 16 | 16.0
Armour         | 3 5 6 7 9 10 12 14 15 17 18 | 18.1
Shields        | 3 4 8 11 13 15 17 18 | 18.1
Invocations    | 2 5 8 10 12 15 | 15.0
Fighting       | 5 7 9 10 11 13 15 | 15.0
Dodging        | 3 8 12 15 | 15.0

Action                   |  1- 3 |  4- 6 |  7- 9 | 10-12 | 13-15 | 16-18 | 19-21 || total
-------------------------+-------+-------+-------+-------+-------+-------+-------++-------
Melee: Long sword        |   127 |    95 |       |       |       |       |       ||   222
       Tailslap          |    14 |    17 |    27 |   102 |   351 |   343 |   319 ||  1173
       Falchion          |       |    18 |   205 |   563 |  1088 |       |       ||  1874
       Short sword       |       |       |       |       |   233 |       |       ||   233
       Double sword      |       |       |       |       |   173 |  1694 |  1584 ||  3451
Throw: Throwing net      |       |       |       |     1 |       |       |       ||     1
Invok: Heroism           |       |       |       |       |     1 |     4 |     6 ||    11
       Duel              |       |       |       |       |     1 |     1 |     1 ||     3
       Finesse           |       |       |       |       |     1 |     1 |     2 ||     4
 Abil: Evoke Invisibilit |       |       |       |     1 |       |       |       ||     1
Evoke: Wand              |       |       |       |       |     2 |       |       ||     2
  Use: Potion            |       |       |       |     1 |     2 |    10 |     7 ||    20
       Scroll            |       |       |       |       |    31 |     6 |     7 ||    44
 Stab: Invisible         |       |       |       |     1 |       |     1 |       ||     2
       Petrified         |       |       |       |       |    22 |       |       ||    22
       Held in net/web   |       |       |       |       |       |     2 |       ||     2
Armor: Scale mail        |    69 |    63 |    64 |    76 |       |       |       ||   272
       Chain mail        |       |       |       |   154 |    78 |   269 |    17 ||   518
       Plate armour      |       |       |       |       |   489 |   274 |   737 ||  1500
Dodge: Dodged            |    59 |    40 |    76 |   261 |   479 |   589 |   789 ||  2293
Block: Buckler           |    26 |    29 |    35 |   152 |   573 |       |       ||   815
       Reflection        |       |       |       |     4 |    11 |   135 |    44 ||   194
       Kite shield       |       |       |       |       |    98 |  1081 |  1151 ||  2330

Table legend: (Time is in decaauts)
 A = Elapsed time spent in this place.
 B = Non-inter-level travel time spent in this place.
 C = Inter-level travel time spent in this place.
 D = Time resting spent in this place.
 E = Time spent auto-exploring this place.
 F = Levels seen in this place.
 G = Mean time per level.
                   A        B        C        D        E       F      G
               +--------+--------+--------+--------+--------+-----+--------+
         Total |  45789 |  43318 |   2471 |   3492 |  30403 |  42 | 1090.2 |
       Dungeon |  17494 |  16416 |   1078 |   1013 |  12720 |  15 | 1166.3 |
        Temple |    262 |    201 |     61 |      0 |    197 |   1 |  262.0 |
          Lair |   8127 |   7558 |    569 |    209 |   6255 |   6 | 1354.5 |
        Shoals |   3621 |   3434 |    187 |     16 |   2520 |   4 |  905.2 |
     Snake Pit |   4715 |   4494 |    221 |    495 |   2612 |   4 | 1178.8 |
  Orcish Mines |   4293 |   4047 |    246 |   1426 |   1684 |   2 | 2146.5 |
        Vaults |   5761 |   5654 |    107 |    187 |   3551 |   4 | 1440.2 |
        Bazaar |    290 |    290 |      0 |      0 |    254 |   1 |  290.0 |
       Volcano |    408 |    408 |      0 |      0 |    295 |   1 |  408.0 |
        Wizlab |    706 |    706 |      0 |     84 |    314 |   1 |  706.0 |
         Arena |    108 |    108 |      0 |     61 |      0 |   3 |   36.0 |
               +--------+--------+--------+--------+--------+-----+--------+

Top non-repeatable levels by time:
   Orc:2: 3252 daAuts
    D:10: 2336 daAuts
Vaults:1: 2031 daAuts
    D:14: 1875 daAuts
Vaults:2: 1653 daAuts
  Lair:3: 1520 daAuts
  Lair:4: 1509 daAuts
    D:13: 1434 daAuts
  Lair:6: 1386 daAuts
 Snake:1: 1380 daAuts
 Snake:4: 1375 daAuts
     D:3: 1373 daAuts
  Lair:2: 1351 daAuts
     D:8: 1304 daAuts
Vaults:3: 1284 daAuts
